PBA
PORTLAND ROSEBUDS @ SPOKANE SUNS
06/10/1915
 
TOP OF THE 1ST
Portland Rosebuds batting - Pitching for Spokane Suns : RHP Elzie Gretton
Pitching: RHP Elzie Gretton
Batting: SHB Jesse Brownrigg 0-0: Swinging Strike
0-1: Foul Ball, location: 2F
0-2: Fly out, F2 (Popup, 2RF, EV 87.5 MPH)
Batting: RHB James Bamforth 0-0: Called Strike
0-1: Ball
1-1: Ball
2-1: Swinging Strike
2-2: Ball
3-2: Ground out 4-3 (Groundball, 34D, EV 107.5 MPH)
Batting: LHB Clark Dethwright 0-0: Ball
1-0: Ground out 4-3 (Groundball, 4, EV 104.4 MPH)
Top of the 1st over - 0 runs, 0 hits, 0 errors, 0 left on base; Portland 0 - Spokane 0
BOTTOM OF THE 1ST
Spokane Suns batting - Pitching for Portland Rosebuds : RHP Percy Sibley
Pitching: RHP Percy Sibley
Batting: SHB Webster Drinkell 0-0: Ball
1-0: Ball
2-0: Swinging Strike
2-1: Called Strike
2-2: Ball
3-2: Base on Balls
Batting: LHB Dave Scrooby 0-0: Bunted foul
0-1: Called Strike
Webster Drinkell steals 2nd base
0-2: Fly out, F5 (Line Drive, 5L, EV 71.3 MPH)
Batting: RHB Isom Peters 0-0: Foul Ball, location: 3SF
0-1: Ground out 4-3 (Groundball, 34D, EV 77.5 MPH)
Webster Drinkell to third
Batting: LHB Allie Spracklin 0-0: Ground out 1-3 (Groundball, P, EV 68.1 MPH)
Bottom of the 1st over - 0 runs, 0 hits, 0 errors, 1 left on base; Portland 0 - Spokane 0
TOP OF THE 2ND
Portland Rosebuds batting - Pitching for Spokane Suns : RHP Elzie Gretton
Batting: RHB Bennett Carlisle 0-0: Ball
1-0: Called Strike
1-1: Fly out, F8 (Flyball, 89D, EV 108.1 MPH)
Batting: RHB Warner Norwood 0-0: SINGLE (Line Drive, 8LS, EV 103.8 MPH)
Batting: SHB Loy Pauling 0-0: Grounds into double play, 4-6-3 (Groundball, 34S, EV 85.6 MPH)
Top of the 2nd over - 0 runs, 1 hit, 0 errors, 0 left on base; Portland 0 - Spokane 0
BOTTOM OF THE 2ND
Spokane Suns batting - Pitching for Portland Rosebuds : RHP Percy Sibley
Batting: SHB Henry Smith 0-0: Ball
1-0: SINGLE (Line Drive, 78S, EV 102.5 MPH)
Batting: RHB Abraham Parker 0-0: Sac Bunt to 13S - play at first, batter OUT! 1-3
Henry Smith to second
Batting: RHB Frank Villiers 0-0: Ball
Passed Ball!
Henry Smith to third
1-0: Ground out U3 (Groundball, 34, EV 98.8 MPH)
Batting: SHB Felix Browncey 0-0: Ball
1-0: Ball
2-0: Ball
3-0: Base on Balls
Batting: RHB Elzie Gretton 0-0: Called Strike
0-1: Fielders Choice at 2nd, 6-4 (Groundball, 6, EV 88.8 MPH)
Bottom of the 2nd over - 0 runs, 1 hit, 0 errors, 2 left on base; Portland 0 - Spokane 0
TOP OF THE 3RD
Portland Rosebuds batting - Pitching for Spokane Suns : RHP Elzie Gretton
Batting: RHB Lillian Vanner 0-0: Swinging Strike
0-1: Swinging Strike
0-2: Strikes out swinging
Batting: RHB Laverne Hotten 0-0: Swinging Strike
0-1: Ball
1-1: Ball
2-1: Ground out 5-3 (Groundball, 56, EV 93.8 MPH)
Batting: RHB Percy Sibley 0-0: Fly out, F3 (Popup, 34S, EV 83.8 MPH)
Top of the 3rd over - 0 runs, 0 hits, 0 errors, 0 left on base; Portland 0 - Spokane 0
BOTTOM OF THE 3RD
Spokane Suns batting - Pitching for Portland Rosebuds : RHP Percy Sibley
Batting: SHB Webster Drinkell 0-0: Ball
1-0: Fly out, F9 (Flyball, 89D, EV 100.0 MPH)
Batting: LHB Dave Scrooby 0-0: Ground out 6-3 (Groundball, 6, EV 101.9 MPH)
Batting: RHB Isom Peters 0-0: Ball
1-0: Fly out, F6 (Line Drive, 6D, EV 68.1 MPH)
Bottom of the 3rd over - 0 runs, 0 hits, 0 errors, 0 left on base; Portland 0 - Spokane 0
TOP OF THE 4TH
Portland Rosebuds batting - Pitching for Spokane Suns : RHP Elzie Gretton
Batting: SHB Jesse Brownrigg 0-0: Ground out 5-3 (Groundball, 5, EV 83.8 MPH)
Batting: RHB James Bamforth 0-0: Ball
1-0: Swinging Strike
1-1: Ball
2-1: Foul Ball, location: 9LMF
2-2: Ground out 6-3 (Groundball, 6, EV 78.8 MPH)
Batting: LHB Clark Dethwright 0-0: Ball
1-0: Ball
2-0: Foul Ball, location: 25F
2-1: Called Strike
2-2: Ground out U3 (Groundball, 34, EV 106.3 MPH)
Top of the 4th over - 0 runs, 0 hits, 0 errors, 0 left on base; Portland 0 - Spokane 0
BOTTOM OF THE 4TH
Spokane Suns batting - Pitching for Portland Rosebuds : RHP Percy Sibley
Batting: LHB Allie Spracklin 0-0: Called Strike
0-1: Ball
1-1: Called Strike
1-2: Ground out 2-3 (Groundball, 2L, EV 62.5 MPH)
Batting: SHB Henry Smith 0-0: Foul Ball, location: 5SF
0-1: Ball
1-1: Called Strike
1-2: Foul Ball, location: 7LSF
1-2: Foul Ball, location: 25F
1-2: Foul Ball, location: 2F
1-2: Foul Ball, location: 7LDF
1-2: Foul Ball, location: 2F
1-2: Fly out, F4 (Line Drive, 4M, EV 66.9 MPH)
Batting: RHB Abraham Parker 0-0: Swinging Strike
0-1: Swinging Strike
0-2: Ball
1-2: Ground out 4-3 (Groundball, 4, EV 95.6 MPH)
Bottom of the 4th over - 0 runs, 0 hits, 0 errors, 0 left on base; Portland 0 - Spokane 0
TOP OF THE 5TH
Portland Rosebuds batting - Pitching for Spokane Suns : RHP Elzie Gretton
Batting: RHB Bennett Carlisle 0-0: Fly out, F9 (Flyball, 89D, EV 100.0 MPH)
Batting: RHB Warner Norwood 0-0: Ball
1-0: Ball
2-0: Ball
3-0: Called Strike
3-1: Foul Ball, location: 25F
3-2: Foul Ball, location: 9LSF
3-2: Ground out 6-3 (Groundball, 6, EV 85.6 MPH)
Batting: SHB Loy Pauling 0-0: Ball
1-0: Called Strike
1-1: Ball
2-1: Ball
3-1: Foul Ball, location: 25F
3-2: Base on Balls
Batting: RHB Lillian Vanner 0-0: Called Strike
Loy Pauling steals 2nd base
0-1: Called Strike
0-2: Foul Ball, location: 2F
0-2: Ball
1-2: Ball
2-2: Ball
3-2: Intentional Walk
Batting: RHB Laverne Hotten 0-0: Ball
1-0: Called Strike
1-1: Foul Ball, location: 2F
1-2: Foul Ball, location: 3F
1-2: Foul Ball, location: 2F
1-2: Ball
2-2: Ball
3-2: Foul Ball, location: 3DF
3-2: Base on Balls
Loy Pauling to third
Lillian Vanner to second
Batting: RHB Percy Sibley 0-0: Ball
1-0: Ball
2-0: Ball
3-0: Called Strike
3-1: Base on Balls
Loy Pauling scores
Lillian Vanner to third
Laverne Hotten to second
Batting: SHB Jesse Brownrigg 0-0: Ball
1-0: Ball
2-0: Called Strike
2-1: Ball
3-1: Swinging Strike
3-2: Ground out U3 (Groundball, 3, EV 107.5 MPH)
Top of the 5th over - 1 run, 0 hits, 0 errors, 3 left on base; Portland 1 - Spokane 0
BOTTOM OF THE 5TH
Spokane Suns batting - Pitching for Portland Rosebuds : RHP Percy Sibley
Batting: RHB Frank Villiers 0-0: Called Strike
0-1: Ball
1-1: Ball
2-1: Ground out 2-3 (Groundball, 2R, EV 75.6 MPH)
Batting: SHB Felix Browncey 0-0: Foul Ball, location: 3SF
0-1: Foul Ball, location: 7LSF
0-2: SINGLE (Groundball, 6MD, EV 106.9 MPH)
Batting: RHB Elzie Gretton 0-0: SINGLE (Groundball, 4MD, EV 105.6 MPH)
Felix Browncey to second
Batting: SHB Webster Drinkell 0-0: Called Strike
0-1: Ball
1-1: Ball
2-1: Ball
3-1: Foul Ball, location: 2F
3-2: Foul Ball, location: 2F
3-2: SINGLE (Groundball, 6MD, EV 104.4 MPH)
Felix Browncey to third
Elzie Gretton to second
Runner from 3rd tries for Home, SAFE, throw by CF to home
Batting: LHB Dave Scrooby 0-0: Ball
1-0: Sac Bunt to P - play at third, runner OUT! 1-5
Webster Drinkell to second
Batting: RHB Isom Peters 0-0: Ball
1-0: Ball
2-0: Called Strike
2-1: Ball
3-1: Foul Ball, location: 25F
3-2: Ground out 6-3 (Groundball, 6, EV 98.8 MPH)
Bottom of the 5th over - 1 run, 3 hits, 0 errors, 2 left on base; Portland 1 - Spokane 1
TOP OF THE 6TH
Portland Rosebuds batting - Pitching for Spokane Suns : RHP Elzie Gretton
Batting: RHB James Bamforth 0-0: Called Strike
0-1: Ball
1-1: Ball
2-1: Ball
3-1: Fly out, F8 (Flyball, 8RD, EV 103.1 MPH)
Batting: LHB Clark Dethwright 0-0: Foul Ball, location: 3F
0-1: Ground out 4-3 (Groundball, 4, EV 107.5 MPH)
Batting: RHB Bennett Carlisle 0-0: Called Strike
0-1: Ball
1-1: Swinging Strike
1-2: Strikes out swinging
Top of the 6th over - 0 runs, 0 hits, 0 errors, 0 left on base; Portland 1 - Spokane 1
BOTTOM OF THE 6TH
Spokane Suns batting - Pitching for Portland Rosebuds : RHP Percy Sibley
Batting: LHB Allie Spracklin 0-0: Ball
1-0: Ball
2-0: Foul Ball, location: 7LMF
2-1: Fly out, F8 (Flyball, 89D, EV 92.5 MPH)
Batting: SHB Henry Smith 0-0: Ball
1-0: DOUBLE (Line Drive, 8LXD, EV 107.5 MPH)
Batting: RHB Abraham Parker 0-0: Swinging Strike
0-1: Called Strike
0-2: Ball
1-2: Ball
2-2: Foul Ball, location: 5F
2-2: Ground out U3 (Groundball, 3S, EV 77.5 MPH)
Henry Smith to third
Batting: RHB Frank Villiers 0-0: Called Strike
0-1: Foul Ball, location: 2F
0-2: Strikes out swinging
Bottom of the 6th over - 0 runs, 1 hit, 0 errors, 1 left on base; Portland 1 - Spokane 1
TOP OF THE 7TH
Portland Rosebuds batting - Pitching for Spokane Suns : RHP Elzie Gretton
Batting: RHB Warner Norwood 0-0: Ball
1-0: Ball
2-0: Foul Ball, location: 2F
2-1: Swinging Strike
2-2: Ball
3-2: Ground out 5-3 (Groundball, 56, EV 84.4 MPH)
Batting: SHB Loy Pauling 0-0: Foul Ball, location: 23F
0-1: Ball
1-1: Fly out, F6 (Popup, 6MD, EV 70.0 MPH)
Batting: RHB Lillian Vanner 0-0: Called Strike
0-1: Swinging Strike
0-2: Foul Ball, location: 9LDF
0-2: Strikes out looking
Top of the 7th over - 0 runs, 0 hits, 0 errors, 0 left on base; Portland 1 - Spokane 1
BOTTOM OF THE 7TH
Spokane Suns batting - Pitching for Portland Rosebuds : RHP Percy Sibley
Batting: SHB Felix Browncey 0-0: Ball
1-0: Called Strike
1-1: Foul Ball, location: 2F
1-2: Fly out, F8 (Flyball, 8LD, EV 100.0 MPH)
Pinch Hitting: LHB Alfred Flitcroft 0-0: Called Strike
0-1: Fly out, F6 (Popup, 6MD, EV 58.1 MPH)
Batting: SHB Webster Drinkell 0-0: Swinging Strike
0-1: Reached on error, E4 (Groundball, 4, EV 101.3 MPH)
Batting: LHB Dave Scrooby 0-0: Called Strike
Webster Drinkell steals 2nd base
0-1: Ball
1-1: TRIPLE (Line Drive, 78XD, EV 102.5 MPH)
Webster Drinkell scores
Batting: RHB Isom Peters 0-0: Called Strike
0-1: Called Strike
0-2: Fly out, F4 (Popup, 4, EV 76.3 MPH)
Bottom of the 7th over - 1 run, 1 hit, 1 error, 1 left on base; Portland 1 - Spokane 2
TOP OF THE 8TH
Portland Rosebuds batting - Pitching for Spokane Suns : RHP Elzie Gretton
Pitching: LHP John Winfield
Now at 1B: Manley Fleetwood
Pinch Hitting: LHB John Cuttle 0-0: Ball
1-0: Ball
2-0: Ball
3-0: Called Strike
3-1: Fly out, F8 (Flyball, 8LD, EV 90.6 MPH)
Batting: RHB Percy Sibley 0-0: Foul Ball, location: 2F
0-1: Ball
1-1: Ball
2-1: Foul Ball, location: 5F
2-2: Ground out 5-3 (Groundball, 5L, EV 73.8 MPH)
Batting: SHB Jesse Brownrigg 0-0: Swinging Strike
0-1: Fly out, F4 (Popup, 34S, EV 78.1 MPH)
Top of the 8th over - 0 runs, 0 hits, 0 errors, 0 left on base; Portland 1 - Spokane 2
BOTTOM OF THE 8TH
Spokane Suns batting - Pitching for Portland Rosebuds : RHP Percy Sibley
Now at SS: Alphonse Shoebottom
Batting: LHB Allie Spracklin 0-0: Called Strike
0-1: Ball
1-1: TRIPLE (Groundball, 5L, EV 105.0 MPH)
Pitching: LHP Arno Boniface
Batting: SHB Henry Smith 0-0: Foul Ball, location: 2F
0-1: Ball
1-1: Swinging Strike
1-2: SINGLE (Line Drive, 34D, EV 104.4 MPH)
Allie Spracklin scores
Batting: RHB Abraham Parker 0-0: Called Strike
0-1: Ground out 4-3 (Groundball, 34, EV 96.9 MPH)
Henry Smith to second
Batting: RHB Frank Villiers 0-0: Intentional Walk
Batting: SHB Felix Browncey 0-0: Foul Ball, location: 2F
0-1: Called Strike
0-2: Strikes out looking
Batting: SHB Manley Fleetwood 0-0: Ground out 5-3 (Groundball, 56S, EV 68.1 MPH)
Bottom of the 8th over - 1 run, 2 hits, 0 errors, 2 left on base; Portland 1 - Spokane 3
TOP OF THE 9TH
Portland Rosebuds batting - Pitching for Spokane Suns : LHP John Winfield
Batting: RHB James Bamforth 0-0: Ball
1-0: Ground out 5-3 (Groundball, 56, EV 83.8 MPH)
Pinch Hitting: RHB Beryl Ablewhite 0-0: Ball
1-0: Ground out 1-3 (Groundball, 13S, EV 68.1 MPH)
Batting: RHB Bennett Carlisle 0-0: Ball
1-0: Fly out, F8 (Flyball, 89M, EV 90.0 MPH)
Top of the 9th over - 0 runs, 0 hits, 0 errors, 0 left on base; Portland 1 - Spokane 3
Thursday, November 14th , 2024 - OOTP Baseball 25.10 Build 95